 Dungeon Crawl Stone Soup version 0.18-a0-125-g4c9da24 (webtiles) character file.

326970 Proton the Peltast (level 21, -11/129 HPs)
             Began as a Gargoyle Fighter on Nov 21, 2015.
             Was the Champion of Cheibriados.
             Mangled by an acid blob (15 damage)
             ... on level 1 of the Pits of Slime.
             The game lasted 02:04:33 (41294 turns).

Proton the Peltast (Gargoyle Fighter)              Turns: 41294, Time: 02:04:33

Health: -11/129    AC: 38    Str: 43    XL:     21   Next: 66%
Magic:  5/32       EV: 26    Int: 29    God:    Cheibriados [******]
Gold:   3775       SH:  0    Dex: 26    Spells: 0 memorised, 20 levels left

rFire  + + .     SeeInvis .     k - +4 whip "Pow Nogg" {flame, rF+ Int+3}
rCold  + . .     Clarity  .     Y - +5 chain mail "Vonoa" {*Contam rElec MR+ Slay+5}
rNeg   + . .     SustAt   .     x - +0 buckler {AC+3}
rPois  ∞         Gourm    .     y - +1 helmet of Dim Light {rPois rF++ rCorr}
rElec  +         Spirit   .     H - +0 cloak
rCorr  +         Warding  .     T - +0 pair of gloves
rMut   .         Stasis   .     m - +0 pair of boots
MR     ++...                    X - amulet of regeneration
Stlth  ..........               n - ring of ice
                                S - +4 ring of protection

@: confused, corroded equipment, flying, very slow, very resistant to hostile
enchantments, extremely unstealthy
A: big wings, repulsion field 1, rugged brown scales 1, agile 1, deformed body,
frail 1, mutation resistance 1, negative energy resistance 1, electricity
resistance, unbreathing, petrification resistance, rot immunity, MP-powered
wands, AC +15
a: Stop Flying, Bend Time, Temporal Distortion, Slouch, Step From Time, Renounce
Religion
}: 2/15 runes: barnacled, gossamer


You were on level 1 of the Pits of Slime.
You worshipped Cheibriados.
Cheibriados was exalted by your worship.
You were hungry.

You visited 7 branches of the dungeon, and saw 38 of its levels.
You visited the Abyss 1 time.
You also visited: Ossuary, Ice Cave and Wizlab.

You collected 4019 gold pieces.
You spent 244 gold pieces at shops.

Inventory:

Hand Weapons
 k - the +4 whip "Pow Nogg" (weapon) {flame, rF+ Int+3}
   (You found it on level 1 of the Shoals)

   It has been specially enchanted to burn those struck by it, causing extra
   injury to most foes and up to half again as much damage against particularly
   susceptible opponents.
   It affects your intelligence (+3).
   It protects you from fire.
 l - a +5 eveningstar of venom
Armour
 m - a +0 pair of boots (worn)
 x - a +0 buckler of protection (worn)
 y - the +1 helmet of Dim Light (worn) {rPois rF++ rCorr}
   (You found it on level 7 of the Dungeon)

   It greatly protects you from fire.
   It protects you from poison.
   It protects you from acid and corrosion.
 B - the +8 chain mail of Atheism {*Contam rPois rN+ Int+3}
   (You found it on level 10 of the Dungeon)

   It affects your intelligence (+3).
   It protects you from poison.
   It protects you from negative energy.
   It causes magical contamination when unequipped.
 H - a +0 cloak (worn)
 T - a +0 pair of gloves (worn)
 Y - the +5 chain mail "Vonoa" (worn) {*Contam rElec MR+ Slay+5}
   (You found it on level 3 of the Spider Nest)

   It affects your accuracy and damage with ranged weapons and melee attacks
   (+5).
   It insulates you from electricity.
   It affects your resistance to hostile enchantments.
   It causes magical contamination when unequipped.
Jewellery
 n - a ring of ice (right hand)
 G - an uncursed ring of protection from fire
 M - an uncursed ring of protection from magic
 S - a +4 ring of protection (left hand)
 X - an amulet of regeneration (around neck)
Wands
 N - a wand of teleportation (2)
 Q - a wand of disintegration (18)
Scrolls
 b - 12 scrolls of remove curse
 g - 4 scrolls of enchant weapon
 i - 6 scrolls of immolation
 p - 10 scrolls of recharging
 r - 8 scrolls of teleportation
 u - 4 scrolls of enchant armour
 A - 4 scrolls of fear
 C - 17 scrolls of amnesia
 E - a scroll of silence
 I - 2 scrolls of magic mapping
 K - a scroll of identify
 L - 4 scrolls of fog
 O - 2 scrolls of summoning
 P - 4 scrolls of blinking
 W - 2 scrolls of vulnerability
Potions
 c - 5 potions of brilliance
 d - 6 potions of might
 e - 2 potions of cancellation
 f - 6 potions of lignification
 h - 4 potions of invisibility
 o - 5 potions of heal wounds
 t - 2 potions of magic
 v - 8 potions of ambrosia
 D - 12 potions of curing
 V - a potion of agility
Comestibles
 a - 9 fruits
 q - 12 bread rations
 s - 12 meat rations
 z - 13 beef jerkies


   Skills:
 + Level 17.3 Fighting
 + Level 15.7 Maces & Flails
 + Level 16.9 Armour
 + Level 13.8 Dodging
 + Level 17.4 Shields
 - Level 15.3 Invocations


You had 20 spell levels left.
You didn't know any spells.

Dungeon Overview and Level Annotations

Branches:
Dungeon (15/15)            Temple (0/1) D:6            Lair (8/8) D:10
 Shoals (4/4) Lair:4       Spider (4/4) Lair:5        Slime (1/6) Lair:7
    Orc (4/4) D:9             Elf (0/3) Orc:4        Vaults (2/5) D:13
  Crypt (0/3) Vaults:2     Depths (0/5) D:15

Altars:
Cheibriados
Elyvilon
Makhleb
Qazlal
Ru
Sif Muna
Vehumet
Xom
Yredelemnul
The Shining One

Shops:
D:8 !   D:9 ?}[   Orc:4 !!:(   Vaults:1 (

Portals:
Pandemonium: Orc:4
Trove: Vaults:2 (show slimy rune of Zot)


Innate Abilities, Weirdness & Mutations

You are resistant to torment.
Your stone body is resilient (AC +15).
You are immune to poison.
Your large and strong wings let you fly indefinitely.
You resist negative energy.
You are resistant to electric shocks.
You can survive without breathing.
You are immune to petrification.
You are immune to rotting.
You are surrounded by a mild repulsion field (EV +2).
You are partially covered in rugged brown scales (AC +1, +3% HP).
You are agile. (Dex +2)
Armour fits poorly on your strangely shaped body.
You are frail (-10% HP).
You are somewhat resistant to further mutation.
You expend magic power (3 MP) to strengthen your wands.


Message History

You resist with almost no effort. The golden eye blinks at you.
You resist with some effort.
You're too confused to move!
The walls burn you! You resist.
* * * LOW HITPOINT WARNING * * *
The golden eye turns its gaze towards you. x3
The golden eye blinks!
The golden eye blinks at you. You resist with almost no effort.
You're too confused!
The walls burn you! You resist.
* * * LOW HITPOINT WARNING * * *
The golden eye turns its gaze towards you. x2
The golden eye blinks!
The golden eye blinks at you.
You easily resist.
The golden eye blinks at you. You resist with almost no effort.
The golden eye blinks!
The acid blob hits you!
You die...

#. ##.# ### #...##
####@###
#.#..##..JG..##
##.........§.§.#
..........G..G#.#
......#..........#
.....#.G.#..G.#.##
.............####
...............#
.#.....<........


You could see an acid blob, an eye of draining and 4 golden eyes.

Vanquished Creatures
  A moon troll (WizLab)
  A quicksilver dragon (WizLab)
  Kirke (Spider:1)
  8 tentacled starspawn (WizLab)
  A storm dragon (Vaults:2)
  Ilsuiw (Shoals:3)
  Wiglaf (Spider:3)
  4 ghost moths (Spider:4)
  Donald (Shoals:1)
  10 vault wardens
  Maud (Lair:4)
  5 frost giants
  A deep elf sorcerer (Vaults:1)
  Louise (Shoals:3)
  8 emperor scorpions
  A cacodemon (WizLab)
  8 ironheart preservers
  The ghost of Oper80 the Fighter, a journeyman DsMo of Yredelemnul (Orc:4)
  6 stone giants
  5 very ugly things (WizLab)
  A deep elf demonologist (Vaults:2)
  Azrael (D:12)
  A deep elf annihilator (Vaults:1)
  A salamander stormcaller (Vaults:2)
  An ettin (Vaults:2)
  7 merfolk javelineers
  4 vault guards (Vaults:1)
  A crystal guardian (WizLab)
  A deep elf death mage (Vaults:2)
  7 merfolk impalers
  Josephine (Lair:7)
  8 great orbs of eyes
  4 yaktaur captains (Vaults:2)
  11 hydras
  3 entropy weavers
  A rakshasa (Vaults:2)
  2 catoblepae
  4 merfolk avatars
  Erica (D:11)
  7 centaur warriors
  5 ogre magi
  An alligator snapping turtle (Shoals:4)
  A tengu warrior (D:15)
  7 merfolk aquamancers
  A deep troll shaman (Vaults:2)
  7 death yaks
  A vampire mage (Vaults:2)
  3 satyrs (Shoals:3)
  4 orc high priests (Orc:4)
  A thrashing horror (Abyss:1)
  2 deep elf knights
  The ghost of Proton the Covered, a novice GrFi of Cheibriados (D:10)
  2 wretched stars (WizLab)
  2 skeletal warriors (D:15)
  A sun demon (Orc:4)
  An infernal demonspawn (Orc:4)
  An orange crystal statue (WizLab)
  A flayed ghost (D:15)
  13 sea snakes
  A lindwurm (Lair:7)
  3 deep trolls (Vaults:2)
  2 necromancers
  Pikel (D:8)
  2 small abominations
  9 ironbrand convokers
  4 orc knights (Orc:4)
  4 hill giants
  26 harpies
  A phantasmal warrior (Vaults:2)
  17 orb spiders
  6 giant orange brains
  A torturous demonspawn (Orc:4)
  A deep elf conjurer (Vaults:2)
  11 fauns
  10 hornets
  17 griffons
  A kraken simulacrum (Shoals:4)
  A black mamba (shapeshifter) (Vaults:2)
  13 ugly things
  4 water nymphs (Shoals:4)
  20 manticores
  A stone giant zombie (D:15)
  27 wolf spiders
  8 black mambas
  27 elephants
  A moth of wrath (Spider:4)
  7 orc sorcerers (Orc:4)
  5 cyclopes
  A sixfirhy (Abyss:1)
  Maurice (D:10)
  7 eyes of devastation (WizLab)
  A stone giant skeleton (D:15)
  3 gargoyles
  An orange demon (Orc:4)
  17 sirens
  An ice statue (IceCv)
  14 spiny frogs
  6 vault sentinels
  A centaur zombie (D:11)
  2 torpor snails
  2 kobold demonologists
  A hellion (Abyss:1)
  A large abomination (Abyss:1)
  11 demonic crawlers
  5 fire drakes
  A hellwing (Orc:4)
  2 freezing wraiths (Vaults:1)
  9 komodo dragons
  41 yaktaurs
  2 queen bees
  3 deep elf priests
  A polar bear (shapeshifter) (Vaults:1)
  26 jumping spiders
  34 merfolk
  3 wind drakes
  A blue devil (Orc:4)
  11 trolls
  2 red devils (Orc:4)
  4 boulder beetles
  A tengu simulacrum (Vaults:2)
  20 polar bears
  9 two-headed ogres
  A deep troll zombie (D:15)
  A spriggan zombie (D:15)
  A trapdoor spider zombie (D:10)
  14 blink frogs
  9 snapping turtles
  18 slime creatures
  A raiju (Lair:8)
  19 trapdoor spiders
  25 tarantellas
  9 wraiths
  60 redbacks
  Sigmund (D:2)
  4 wyverns
  45 yaks
  13 water elementals
  A human (shapeshifter) (Vaults:2)
  8 golden eyes
  8 deep elf fighters
  21 hippogriffs
  5 hogs (Spider:1)
  12 basilisks
  5 deep elf magi
  11 wargs
  4 fire elementals (D:12)
  A yaktaur simulacrum (Vaults:2)
  5 mottled dragons
  12 water moccasins
  16 vampire mosquitoes
  2 soldier ants (D:9)
  3 swamp worms (D:10)
  43 wolves
  5 ice beasts
  10 porcupines
  An eye of draining (shapeshifter) (Vaults:2)
  2 necrophages (D:11)
  8 hell hounds
  25 spiders
  A sky beast (D:10)
  2 wasps
  29 orc warriors
  A phantom (D:14)
  13 starcursed masses (WizLab)
  29 ogres
  A swamp drake (D:9)
  A slave (D:8)
  4 boggarts (Vaults:2)
  14 black bears
  A human zombie (Vaults:1)
  20 centaurs
  2 brain worms
  21 giant frogs
  8 big kobolds
  7 crocodiles
  A wyvern zombie (D:9)
  A human skeleton (Vaults:1)
  A water moccasin zombie (D:10)
  4 scorpions
  42 killer bees
  12 wights
  3 electric eels
  20 hounds
  6 crimson imps
  A wasp zombie (D:9)
  2 giant frog zombies
  3 quasits
  5 jellies
  4 centaur skeletons
  28 orc priests
  28 orc wizards
  Terence (D:2)
  2 hell rats (Lair:1)
  8 worker ants
  14 iguanas
  28 sheep
  2 hound zombies (D:11)
  13 mummies
  A worker ant zombie (D:11)
  Robin (D:2)
  11 adders
  52 river rats
  4 shadow imps
  13 white imps
  An ooze (D:4)
  15 worms
  150 orcs
  2 ball pythons
  15 bats
  4 giant cockroaches
  5 hobgoblins
  15 jackals
  32 kobolds
  5 quokkas
  5 giant geckos
  A giant gecko skeleton (D:8)
  7 giant newts
  3 gnoll skeletons (Ossuary)
  14 goblins
  2 goblin skeletons (Ossuary)
  A jackal zombie (D:8)
  A kobold skeleton (Ossuary)
  3 orc skeletons
  A quokka zombie (D:6)
  4 rats
  11 rat skeletons (Ossuary)
  A butterfly (Lair:3)
  3 plants
  9 starspawn tentacles (WizLab)
1868 creatures vanquished.

Vanquished Creatures (others)
  A frost giant (Shoals:4)
  A vault warden (Vaults:1)
  A polar bear (IceCv)
  2 yaks (IceCv)
  2 wolves (IceCv)
  A deep elf fighter (Vaults:2)
  A slave (D:8)
  A hound (D:11)
  A kobold (D:14)
  22 fungi
  A lurking horror (Abyss:1)
  27 plants
  16 starspawn tentacles (WizLab)
  152 starspawn tentacle segments (WizLab)
  3 tentacles (Shoals:4)
  140 tentacle segments (Shoals:4)
372 creatures vanquished.

Grand Total: 2240 creatures vanquished

Notes
Turn   | Place    | Note
--------------------------------------------------------------
     0 | D:1      | Proton the Gargoyle Fighter began the quest for the Orb.
     0 | D:1      | Reached XP level 1. HP: 14/14 MP: 1/1
   136 | D:1      | Reached XP level 2. HP: 17/19 MP: 2/2
   730 | D:2      | Reached XP level 3. HP: 13/23 MP: 3/3
   809 | D:2      | Reached skill level 4 in Shields
   809 | D:2      | Reached XP level 4. HP: 13/28 MP: 4/4
   969 | D:2      | Noticed Terence
   976 | D:2      | Killed Terence
   976 | D:2      | Reached skill level 1 in Dodging
  1024 | D:2      | Noticed Robin
  1032 | D:2      | Killed Robin
  1060 | D:2      | Reached XP level 5. HP: 31/33 MP: 5/5
  1114 | D:2      | Noticed Sigmund
  1159 | D:2      | HP: 1/33 [something (5)]
  1164 | D:2      | HP: 1/33 [something (1)]
  1167 | D:2      | Killed Sigmund
  1167 | D:2      | Reached XP level 6. HP: 1/38 MP: 6/6
  2900 | D:5      | Entered Level 5 of the Dungeon
  2936 | D:5      | Reached XP level 7. HP: 40/44 MP: 7/7
  3003 | D:4      | Reached skill level 5 in Shields
  3246 | D:5      | Found a glowing golden altar of the Shining One.
  3246 | D:5      | Found a shimmering altar of Xom.
  3355 | D:5      | Found a snail-covered altar of Cheibriados.
  3369 | D:5      | Became a worshipper of Cheibriados the Contemplative
  3501 | D:6      | Reached skill level 5 in Armour
  3627 | D:6      | Reached skill level 5 in Fighting
  3629 | D:6      | Reached * piety under Cheibriados
  3653 | D:6      | Found a staircase to the Ecumenical Temple.
  3711 | D:6      | Found a radiant altar of Vehumet.
  3752 | D:6      | Reached XP level 8. HP: 49/49 MP: 8/8
  3995 | D:7      | Got a pitted helmet
  4006 | D:7      | Identified the +1 helmet of Dim Light {rPois rF++ rCorr} (You found it on level 7 of the Dungeon)
  4105 | D:7      | Found a sand-covered staircase.
  4111 | Ossuary  | Entered an ossuary
  4378 | Ossuary  | Reached skill level 6 in Shields
  4417 | D:7      | Reached skill level 5 in Maces & Flails
  4448 | D:7      | Found a deep blue altar of Sif Muna.
  4507 | D:7      | Reached ** piety under Cheibriados
  4812 | D:7      | Reached XP level 9. HP: 49/55 MP: 9/9
  5214 | D:8      | Noticed Pikel
  5234 | D:8      | Killed Pikel
  5249 | D:8      | Found a white marble altar of Elyvilon.
  5285 | D:8      | Reached skill level 7 in Shields
  5390 | D:8      | Found Xexurcho's Distillery.
  5403 | D:8      | Reached *** piety under Cheibriados
  5797 | D:9      | Found a basalt altar of Yredelemnul.
  5810 | D:9      | Found Ekoazosk's Magic Scroll Emporium.
  5821 | D:9      | Reached XP level 10. HP: 58/63 MP: 10/10
  5841 | D:9      | Found a burning altar of Makhleb.
  5961 | D:9      | Found Nurhazug's Gadget Shoppe.
  6020 | D:9      | Reached skill level 5 in Dodging
  6142 | D:9      | Reached **** piety under Cheibriados
  6254 | D:9      | Reached skill level 1 in Invocations
  6335 | D:9      | Reached skill level 8 in Shields
  6503 | D:9      | Found Det Safisk's Armour Emporium.
  6511 | D:9      | Bought the +2 scale mail of Nevax {*Corrode *Drain MR+ Regen+} for 184 gold pieces
  6669 | D:9      | Found a staircase to the Orcish Mines.
  6896 | D:10     | Entered Level 10 of the Dungeon
  6909 | D:10     | Noticed Proton's ghost (novice GrFi)
  7056 | D:9      | Reached ***** piety under Cheibriados
  7095 | Orc:1    | Entered Level 1 of the Orcish Mines
  7228 | Orc:2    | Found a frozen archway.
  7298 | IceCv    | Entered an ice cave
  7377 | IceCv    | Reached XP level 11. HP: 64/69 MP: 13/13
  7838 | IceCv    | Got a polished scale mail
  7849 | IceCv    | Identified the +6 scale mail of the Shore {-Tele rElec Dex+3} (You found it in an ice cave)
  7905 | IceCv    | Reached skill level 9 in Shields
  8124 | IceCv    | Reached ****** piety under Cheibriados
  8166 | IceCv    | Reached skill level 5 in Invocations
  8221 | IceCv    | Noticed a frost giant
  8276 | IceCv    | Killed a frost giant
  8276 | IceCv    | Reached XP level 12. HP: 50/76 MP: 14/16
  8868 | Orc:2    | Reached skill level 10 in Shields
  8999 | Orc:2    | You fall through a shaft!
 10039 | Orc:4    | Entered Level 4 of the Orcish Mines
 10152 | Orc:4    | Found a staircase to the Elven Halls.
 10220 | Orc:4    | Found Onkucour's Distillery.
 10358 | Orc:4    | Noticed Oper80's ghost (journeyman DsMo)
 10637 | D:10     | Killed Proton's ghost
 10750 | D:10     | Found a staircase to the Lair.
 10791 | D:10     | Reached skill level 10 in Fighting
 11033 | D:10     | Noticed Maurice
 11063 | D:10     | Reached skill level 10 in Armour
 11083 | D:10     | Killed Maurice
 11287 | D:10     | Got a faintly humming chain mail
 11315 | D:10     | Identified the +8 chain mail of Atheism {*Contam rPois rN+ Int+3} (You found it on level 10 of the Dungeon)
 11576 | D:11     | Noticed a six-headed hydra
 11588 | D:11     | Killed a six-headed hydra
 11611 | D:11     | Noticed Erica
 11629 | D:11     | Killed Erica
 12168 | D:11     | Reached XP level 13. HP: 80/83 MP: 18/18
 12364 | D:12     | Noticed Azrael
 12385 | D:12     | Killed Azrael
 12385 | D:12     | Reached skill level 11 in Shields
 12901 | D:13     | Gained mutation: You are agile. (Dex +2) [mutagenic meat]
 12902 | D:13     | Gained mutation: You can spit weak poison. [mutagenic meat]
 13088 | D:13     | Found a gate to the Vaults.
 13172 | D:13     | Gained mutation: Your muscles are strong. (Str +2) [mutagenic meat]
 13173 | D:13     | Gained mutation: Your body sometimes deteriorates upon taking damage. [mutagenic meat]
 13174 | D:13     | Gained mutation: You are partially covered in thin metallic scales (AC +2). [mutagenic meat]
 13175 | D:13     | Gained mutation: You are covered in fur (AC +1). [mutagenic meat]
 13323 | D:13     | Reached skill level 10 in Maces & Flails
 13359 | D:13     | Found a stormy altar of Qazlal.
 13849 | D:14     | Gained mutation: Your spells are a little harder to cast, but a little more powerful. [mutagenic meat]
 13850 | D:14     | Lost mutation: Your body sometimes deteriorates upon taking damage. [mutagenic meat]
 13851 | D:14     | Gained mutation: You are partially covered in rugged brown scales (AC +1, +3% HP). [mutagenic meat]
 13960 | D:14     | You fall through a shaft!
 13960 | D:15     | Entered Level 15 of the Dungeon
 13972 | D:15     | Found a sacrificial altar of Ru.
 14101 | D:15     | Gained mutation: Your large and strong wings let you fly indefinitely. [Gargoyle growth]
 14101 | D:15     | Reached XP level 14. HP: 92/92 MP: 20/20
 14102 | D:15     | Found a staircase to the Depths.
 15139 | Lair:1   | Entered Level 1 of the Lair of Beasts
 15338 | Lair:1   | Reached skill level 12 in Shields
 17586 | Lair:4   | Noticed Maud
 17603 | Lair:4   | Killed Maud
 17887 | Lair:4   | Reached skill level 10 in Invocations
 18072 | Lair:4   | Found a staircase to the Shoals.
 18093 | Lair:4   | Reached XP level 15. HP: 81/98 MP: 22/22
 18612 | Lair:5   | Found a hole to the Spider Nest.
 19659 | Lair:6   | Reached skill level 13 in Shields
 20380 | Lair:7   | Found a staircase to the Slime Pits.
 20380 | Lair:7   | Noticed Josephine
 20389 | Lair:7   | Killed Josephine
 21028 | Lair:7   | Reached skill level 10 in Dodging
 21421 | Lair:8   | Entered Level 8 of the Lair of Beasts
 21433 | Lair:8   | Identified a scroll of acquirement
 21835 | Lair:8   | Reached XP level 16. HP: 37/107 MP: 6/24
 23560 | Orc:4    | Killed Oper80's ghost
 23960 | Orc:4    | Found Tahael's Distillery.
 24085 | Orc:4    | Bought a potion of might for 60 gold pieces
 24335 | Orc:4    | Reached skill level 14 in Shields
 24533 | Orc:4    | Found Qaah's Book Boutique.
 24533 | Orc:4    | Found Kufrupp's Antique Weapon Shop.
 24534 | Orc:4    | Found a one-way gate leading to the halls of Pandemonium.
 24967 | Spider:1 | Entered Level 1 of the Spider Nest
 25551 | Spider:1 | Noticed Kirke
 25577 | Spider:1 | Killed Kirke
 25577 | Spider:1 | Reached XP level 17. HP: 101/113 MP: 17/26
 27631 | Spider:3 | Got a twisted chain mail
 27642 | Spider:3 | Identified the +5 chain mail "Vonoa" {*Contam rElec MR+ Slay+5} (You found it on level 3 of the Spider Nest)
 28211 | Spider:3 | Noticed Wiglaf
 28257 | Spider:3 | Killed Wiglaf
 28521 | Spider:4 | Entered Level 4 of the Spider Nest
 29303 | Spider:4 | Reached XP level 18. HP: 120/120 MP: 21/27
 29327 | Spider:4 | Reached skill level 15 in Shields
 29599 | Spider:4 | Got a gossamer rune of Zot
 30174 | Shoals:1 | Entered Level 1 of the Shoals
 30260 | Shoals:1 | Got a jewelled whip
 30263 | Shoals:1 | Identified the +4 whip "Pow Nogg" {flame, rF+ Int+3} (You found it on level 1 of the Shoals)
 30267 | Shoals:1 | Noticed Donald
 30285 | Shoals:1 | Killed Donald
 30383 | Shoals:1 | Reached skill level 15 in Fighting
 30420 | Shoals:1 | Got a warped scale mail
 30431 | Shoals:1 | Identified the +6 scale mail of Orhuot {rElec MR- rCorr Stlth-} (You found it on level 1 of the Shoals)
 30443 | Shoals:1 | Gained mutation: Armour fits poorly on your strangely shaped body. [mutagenic glow]
 32283 | Shoals:3 | Noticed Ilsuiw
 32307 | Shoals:3 | Killed Ilsuiw
 32429 | Shoals:3 | Noticed Louise
 32445 | Shoals:3 | Killed Louise
 32855 | Shoals:4 | Entered Level 4 of the Shoals
 32958 | Shoals:4 | Identified the Catalogue of Freezing Execration
 33046 | Shoals:4 | Reached XP level 19. HP: 119/127 MP: 29/29
 33126 | Shoals:4 | Reached skill level 15 in Armour
 33776 | Shoals:4 | Got a barnacled rune of Zot
 34442 | Shoals:4 | Reached skill level 16 in Shields
 35289 | Vaults:1 | Entered Level 1 of the Vaults
 35399 | Vaults:1 | Found Hikhomet's Antique Weapon Shop.
 35725 | Vaults:1 | Reached XP level 20. HP: 106/134 MP: 31/31
 36361 | Vaults:1 | Reached skill level 15 in Invocations
 37014 | Vaults:2 | Found a magical portal.
 37025 | WizLab   | Entered Lehudib's Moon Base
 37356 | WizLab   | Paralysed by accursed screaming for 1 turns
 37375 | WizLab   | Paralysed by accursed screaming for 1 turns
 37781 | WizLab   | Reached skill level 15 in Maces & Flails
 38040 | WizLab   | Paralysed by accursed screaming for 1 turns
 38048 | WizLab   | Paralysed by accursed screaming for 2 turns
 38391 | WizLab   | Identified Lehudib's Reference Book on Stones and Moulding
 38464 | WizLab   | Got a pair of bloodstained gloves
 38476 | WizLab   | Identified the -6 pair of gloves of Fun {+Inv MP-9 Int+2} (You acquired it in a wizard's laboratory)
 38491 | WizLab   | Identified the Grimoire of Confrontation (You found it in a wizard's laboratory)
 38579 | Vaults:2 | Paralysed by a great orb of eyes for 2 turns
 38622 | Vaults:2 | Reached skill level 17 in Shields
 38628 | Vaults:2 | Reached XP level 21. HP: 100/141 MP: 26/32
 38645 | Vaults:2 | Lost mutation: You are partially covered in thin metallic scales (AC +2). [potion of mutation]
 38645 | Vaults:2 | Gained mutation: You have a pair of small horns on your head. [potion of mutation]
 38648 | Vaults:2 | Lost mutation: You can spit weak poison. [potion of cure mutation]
 38648 | Vaults:2 | Lost mutation: You have a pair of small horns on your head. [potion of cure mutation]
 38648 | Vaults:2 | Lost mutation: Your spells are a little harder to cast, but a little more powerful. [potion of cure mutation]
 38648 | Vaults:2 | Lost mutation: You are covered in fur (AC +1). [potion of cure mutation]
 38763 | Vaults:2 | Gained mutation: You are surrounded by a mild repulsion field (EV +2). [mutagenic meat]
 38764 | Vaults:2 | Gained mutation: You expend magic power (3 MP) to strengthen your wands. [mutagenic meat]
 38765 | Vaults:2 | Lost mutation: Your muscles are strong. (Str +2) [mutagenic meat]
 39293 | Vaults:2 | Gained mutation: You are somewhat resistant to further mutation. [potion of beneficial mutation]
 39813 | Vaults:2 | Cast into the Abyss (ironheart preserver)
 40017 | Vaults:2 | Escaped the Abyss
 40288 | Vaults:2 | Found a staircase to the Crypt.
 40303 | Vaults:2 | Got an agate-encrusted ring mail
 40314 | Vaults:2 | Identified the +4 ring mail of the Eternal Void {rElec} (You found it on level 2 of the Vaults)
 40319 | Vaults:2 | Gained mutation: You are frail (-10% HP). [mutagenic glow]
 40621 | Vaults:2 | Found a portal to a secret trove of treasure.
 41264 | Slime:1  | Entered Level 1 of the Pits of Slime
 41294 | Slime:1  | HP: 2/129 [acid (25)]
 41294 | Slime:1  | Mangled by an acid blob

Vault maps used:
D:1:      mrwooster_arrival_statue_3, st_stairs_6
D:2:      uniq_robin, uniq_sigmund, uniq_terence
D:4:      first_bread, kennysheep_generic_room_7
D:5:      cheibriados_altar_wand_db, grunt_temple_overflow_open, hex_tiny
D:6:      kennysheep_mini, minmay_temple_entry_large_hall
D:7:      overflow_temple_1_default, lightli_ossuary_entry_decrepit_ruins,
          hex_large, patterned_corridor
D:8:      elyvilon_altar_5, serial_shops, nicolae_shop_stone, uniq_pikel
D:9:      bloody_makhleb, erik_orc_1, serial_shops, nicolae_shop_crystal, shop,
          shop, hangedman_pestilent_swarm, yredelemnul_altar_generic
D:10:     lair_0_dummy, worms_lemuel, uniq_maurice
D:11:     serial_undead, serial_undead_e, serial_undead_e, serial_undead_f,
          serial_undead_d, nrook_mini_vaults, minmay_unpleasant_kobolds,
          uniq_erica
D:12:     minivault_24, uniq_azrael
D:13:     hangedman_vaults_entry_quadrant_bands, basic_altar
D:14:     serial_bayou_shore_a
D:15:     gammafunk_depths_entry_grave, nicolae_ru_awakened_eye
Lair:1:   kennysheep_rathole, special_room
Lair:2:   beast_lair_carwin_large_3, infiniplex_staircase_pool
Lair:3:   lemuel_fruit_fields
Lair:4:   mu_elephants_graveyard, shoals_dummy_entry, uniq_maud
Lair:5:   spider_nest_entry_rubble, mumra_transporter_accident,
          beast_lair_carwin_2, grunt_megastairs_1
Lair:7:   minmay_slime_entry_pillars, kennysheep_basilisk_garden,
          bh_autumn_forest_stairs, uniq_josephine
Lair:8:   hangedman_lair_in_review, hangedman_lair_caniforms_friends
Shoals:1: uniq_donald
Shoals:3: nicolae_shoals_cliffside_cave, uniq_louise, uniq_ilsuiw
Shoals:4: shoals_end_grunt_ice, shoals_ilsuiw_alternative,
          nicolae_shoals_mertower
Spider:1: hangedman_spider_tarantella_strand, uniq_kirke
Spider:2: spider_trap, nicolae_looking_at_the_future
Spider:3: uniq_wiglaf
Spider:4: grunt_spider_rune_parallel
Orc:2:    portal_ice_cave_entry_imps, minmay_orc_keep
Orc:3:    nicolae_orc_pool_cavern
Orc:4:    pf_orc_diabolical
Vaults:1: ontoclasm_vaults_idyll, ontoclasm_vaults_bender, vaults_room_corners,
          nicolae_vaults_little_squares_2, v_misc_4, ontoclasm_vaults_shout,
          ontoclasm_vaults_decontamination, vaults_room_corners, serial_shops,
          nicolae_shop_trees
Vaults:2: minmay_crypt_entry_simple_plaza, st_lines,
          nicolae_vaults_angled_halls, hangedman_vaults_snaps,
          ontoclasm_vaults_spin, vaults_dpeg_encased_lava, v_alt_pattern_2,
          ontoclasm_vaults_chip, nicolae_vaults_border_crossing,
          mu_enter_wizlab_1, enter_trove_0
Ossuary:  ossuary_due_small_catacomb
IceCv:    ice_cave_caverns_02
WizLab:   wizlab_lehudib

Action                   |  1- 3 |  4- 6 |  7- 9 | 10-12 | 13-15 | 16-18 | 19-21 || total
-------------------------+-------+-------+-------+-------+-------+-------+-------++-------
Melee: Flail             |   152 |   119 |       |       |       |       |       ||   271
       Mace              |       |   133 |       |       |       |       |       ||   133
       Whip              |       |    22 |   403 |  1301 |  2168 |  3143 |  2732 ||  9769
Invok: Slouch            |       |       |       |     2 |    10 |    16 |    11 ||    39
       Step From Time    |       |       |       |     1 |       |     1 |     1 ||     3
       Bend Time         |       |       |       |       |     3 |     7 |    16 ||    26
 Abil: Fly               |       |       |       |       |     1 |       |       ||     1
       Spit Poison       |       |       |       |       |       |    30 |       ||    30
Evoke: Wand              |       |       |       |     4 |       |     3 |     2 ||     9
  Use: Scroll            |       |     6 |     9 |    12 |    10 |    10 |     9 ||    56
       Potion            |       |       |       |       |       |     1 |     6 ||     7
 Stab: Distracted        |       |       |       |     1 |       |       |       ||     1
       Petrified         |       |       |       |       |     9 |       |       ||     9
       Held in net/web   |       |       |       |       |       |     1 |       ||     1
  Eat: Beef jerky        |       |     2 |       |     4 |     4 |     5 |     3 ||    18
       Bread ration      |       |     1 |       |       |     2 |     1 |       ||     4
       Meat ration       |       |       |     2 |     1 |       |     1 |       ||     4
       Chunk             |       |       |       |       |    10 |       |     3 ||    13
       Pizza             |       |       |       |       |     6 |     1 |       ||     7
       Fruit             |       |       |       |       |     1 |       |       ||     1
       Royal jelly       |       |       |       |       |       |     9 |    10 ||    19
